[Event "7th Sharjah Masters 2024"]
[Site "Sharjah"]
[Date "2024.05.22"]
[Round "9.16"]
[White "Iniyan, Pa"]
[Black "Ter-Sahakyan, Samvel"]
[Result "1-0"]
[ECO "E53"]
[WhiteElo "2497"]
[BlackElo "2652"]
[Annotator "TA"]
[PlyCount "112"]
[EventDate "2024.05.13"]
[EventType "swiss"]
[EventCountry "UAE"]
[SourceTitle "playchess.com"]
[Source "ChessBase"]
[SourceQuality "1"]
[TimeControl "5400+30"]

1. d4 Nf6 2. c4 e6 3. Nc3 Bb4 4. e3 O-O 5. Bd3 d5 6. a3 Bxc3+ 7. bxc3 dxc4 8. Bxc4 c5 9. Nf3 Qc7 10. Be2 b6 {[%emt 0:00:30] E53: Nimzo-Indian: Rubinstein: Main Line (4...0-0 5 Nf3 d5 6 Bd3 c5 7 0-0).} 11. Bb2 $1 {[%emt 0:00:30][%mdl 4] outshines the older 11.0-0.} cxd4 12. exd4 $146 ({Predecessor:} 12. cxd4 Ba6 13. O-O Qb7 14. Re1 Bxe2 15. Qxe2 Nbd7 16. e4 Rac8 17. h3 b5 18. Rad1 {0-1 Giri,A (2760)-Praggnanandhaa,R (2661) Miami FTX Crypto Cup rapid 2022 (2.4)}) 12... Ba6 13. Bxa6 Nxa6 14. Qe2 Nb8 15. O-O Nbd7 16. c4 Rac8 17. Nd2 Qf4 18. a4 Qg4 19. Qe3 Rfe8 20. Rfe1 Nf8 21. h3 Qf5 22. g4 Qc2 23. Ba3 h6 24. Rec1 Qg6 25. f4 N8d7 26. Rc3 Rc7 27. Kh2 Rec8 28. Rac1 a6 29. g5 Ne8 30. Ne4 h5 31. c5 bxc5 32. dxc5 Nb8 33. Rc4 Nc6 34. Nd6 Rb8 35. Qf3 (35. f5 exf5 36. Qf4 (36. Nxe8 $2 Re7 $19) 36... Rd7 $17) 35... h4 36. Qc3 Ne7 (36... Rd7 $11 {remains equal.}) 37. Nxe8 ({Better is} 37. c6 $16) 37... Rxe8 $11 38. c6 Nd5 (38... Rec8 {simplifies} 39. Bxe7 Rxe7 40. Qe3 Rec7) 39. Qd4 Qh5 $2 (39... Rb8 $11 {and Black is okay.} 40. Bd6 Qf5 41. Bxc7 Rb3) 40. Qd3 $18 Rd8 {[%emt 0:00:30] [#]} (40... Rcc8 $142 41. c7 Qh7) 41. Bb4 $1 $18 Rcc8 {[%emt 0:00:30] [#]} 42. Rd4 $1 Qh7 43. f5 (43. Qxa6 Qf5 44. c7 Nxc7 (44... Nxf4 $2 45. Rxd8+ Kh7 46. Qf1 $18) 45. Rxc7 Rxd4 46. Rxc8+ (46. Qxc8+ $2 Kh7 $19) 46... Kh7 $11) 43... Qh5 (43... Qxf5 $2 44. Qxf5 exf5 45. Ba5 $18 (45. Rxh4 f4 $11) (45. c7 Nxc7 46. Rxd8+ Rxd8 $18)) 44. Bd2 (44. Qxa6 $2 Nxb4 (44... Qxg5 $2 45. Rg1 $19) 45. Qc4 Qf3 $19 (45... Nxc6 $2 46. Rxd8+ Rxd8 47. Qg4 $19) (45... Qxg5 $2 46. Rg4 $19) (45... Rxd4 $2 46. Qxd4 Qe2+ 47. Kg1 $19)) 44... Re8 45. Qe4 (45. Qxa6 exf5 46. Qf1 (46. Rxd5 $2 Qf3 $19) 46... Ne3 47. Bxe3 Rxe3 48. Qxf5 Qe2+ 49. Kh1 Rxc6 $11) 45... Rcd8 46. Qg4 (46. Qxh4 $2 {perishes.} Qe2+ 47. Kg1 Ne3 $19) 46... Qxg4 47. hxg4 (47. Rxg4 exf5 48. Rd4 Nc7 49. Rxd8 Rxd8 $11) 47... Rc8 48. Ba5 Rb8 (48... Kf8 $142 49. g6 fxg6 50. fxe6 (50. fxg6 Ke7 $18) 50... Rxe6 51. Rxd5 Rcxc6 52. Rxc6 Rxc6) 49. c7 $18 Rbc8 50. g6 Kf8 $2 (50... fxg6 51. fxe6 (51. fxg6 Rf8 $18) 51... Nxc7) 51. Rc5 $18 Ne7 52. Rd8 exf5 53. gxf7 Kxf7 54. gxf5 Ng8 55. Rcd5 Ne7 56. R5d7 Kf6 1-0

[Event "7th Sharjah Masters 2024"]
[Site "Sharjah"]
[Date "2024.05.22"]
[Round "9.17"]
[White "Nguyen, Thai Dai Van"]
[Black "Madaminov, Mukhiddin"]
[Result "1-0"]
[ECO "C42"]
[WhiteElo "2650"]
[BlackElo "2506"]
[Annotator "TA"]
[PlyCount "105"]
[EventDate "2024.05.13"]
[EventType "swiss"]
[EventCountry "UAE"]
[SourceTitle "playchess.com"]
[Source "ChessBase"]
[SourceQuality "1"]
[TimeControl "5400+30"]

1. e4 e5 2. Nf3 Nf6 3. Nxe5 d6 4. Nf3 Nxe4 5. d4 d5 6. Bd3 Bd6 7. O-O O-O 8. c4 c6 9. Re1 Bf5 10. Ng5 Re8 11. Bxe4 dxe4 12. Nc3 Nd7 13. Ngxe4 Bxe4 14. Nxe4 Bxh2+ 15. Kf1 Bc7 16. Bg5 f6 17. Bh4 Nf8 18. d5 cxd5 19. cxd5 Ng6 20. d6 Nxh4 21. d7 Re7 22. Qd5+ Kh8 23. Nc5 Ng6 24. Rxe7 Nxe7 25. Qe6 Ng6 26. Nxb7 Qg8 27. Qxg8+ Rxg8 28. Rd1 Bd8 29. b4 Ne5 (29... h5 $14) 30. f4 $16 Nf7 ({Black should play} 30... Nc4 $1 $14 31. Rc1 Nb6) 31. a4 $16 g5 32. Re1 $1 Bc7 33. Rc1 $1 Bxf4 $2 (33... Bb8 $16 {might work better.} 34. Rc8 Bxf4) 34. Rc8 $18 a6 $2 (34... Kg7 35. b5 h5) 35. a5 $18 (35. d8=R Nxd8 36. Nxd8 h5 37. Nf7+ Kh7 38. Rxg8 Kxg8 39. Nh6+ Kh7 $17) 35... Kg7 36. b5 (36. d8=R Nxd8 37. Rxd8 Rxd8 38. Nxd8 Kg6 $14) (36. Rxg8+ Kxg8 37. d8=B (37. b5 axb5 38. Ke2 Bc7 $17) 37... Nxd8 38. Nxd8 h5 $11) 36... axb5 37. a6 (37. d8=Q Nxd8 38. Rxd8 h5 $17) (37. Ke2 $142) 37... Bb8 $18 38. Nc5 (38. d8=B Nxd8 39. Nxd8 Ba7 $11) (38. Nd6 $18 {Threatens to win with Rxg8+.} Rd8 (38... Bxd6 $2 39. a7 $18) 39. Nxf7 (39. Nxb5 h5 $11) 39... Rxd7 40. Rxb8 Rd1+ 41. Kf2 (41. Ke2 Ra1 $18)) 38... Ba7 39. Ne6+ Kh8 40. Rc7 (40. d8=R Nxd8 41. Nxd8 h5 42. Nf7+ Kg7 $11) (40. Re8 $16 b4 41. Ke2) 40... Be3 (40... Bb8 $11 41. Rb7 b4) 41. Ke2 $1 $14 Bg1 $2 (41... Bb6 $14 42. Rb7 Bg1) 42. Rc1 $2 (42. Rc8 $18 {and the rest is easy.}) 42... Ba7 $16 {[%emt 0:00:30] [#]} (42... Nd8 $2 43. Nxd8 Rxd8 44. Rc8 $18) 43. Rc7 $2 (43. Rc8 $1 $16 {[%cal Rc8e8] Hoping for Re8.} h5 (43... b4 44. Rc7 $11) 44. Re8) 43... Bg1 $1 $18 44. Rc1 $2 (44. Rc8 $18) 44... Ba7 $1 $14 (44... Nd8 $2 45. Nxd8 Rxd8 46. Rc8 $18) 45. Rc8 h5 46. Nc7 $1 b4 $2 ({Black should try} 46... Rd8 $1 $14) 47. Nb5 $18 b3 48. Kd2 (48. Nxa7 $2 b2 49. Rxg8+ Kxg8 $19) 48... b2 49. Kc2 $1 (49. Nxa7 $2 b1=Q (49... b1=B $2 50. Nc6 $18) 50. Nc6 Qa2+ 51. Kc3 Qxa6 (51... Qxg2 $2 52. Ne5 $19) 52. Rxg8+ Kxg8 $19) 49... Bb6 50. Nd6 ({Not} 50. Kxb2 Rd8 51. Nc7 (51. Rxd8+ Nxd8 52. Kc2 Kg7 $17) 51... h4 $11) (50. a7 Bxa7 51. Nxa7 g4 $11) 50... Nd8 (50... Nxd6 $142 51. Rxg8+ Kxg8) 51. Rb8 $18 Bc7 52. a7 (52. Rxb2 $2 {loses.} Bxd6 53. Kb3 Nf7 $19) 52... Bxd6 {[%emt 0:00:30] [#]} 53. Rc8 $1 (53. a8=R $2 {too greedy.} Bxb8 54. Rxb8 Kg7 $19) 1-0

[Event "7th Sharjah Masters 2024"]
[Site "Sharjah"]
[Date "2024.05.22"]
[Round "9.18"]
[White "Muradli, Mahammad"]
[Black "Sargsyan, Shant"]
[Result "0-1"]
[ECO "E05"]
[WhiteElo "2561"]
[BlackElo "2637"]
[Annotator "TA"]
[PlyCount "118"]
[EventDate "2024.05.13"]
[EventType "swiss"]
[EventCountry "UAE"]
[SourceTitle "playchess.com"]
[Source "ChessBase"]
[SourceQuality "1"]
[TimeControl "5400+30"]

1. d4 Nf6 2. c4 e6 3. Nf3 d5 4. g3 Be7 5. Bg2 O-O 6. O-O dxc4 7. Qc2 a6 8. a4 Bd7 9. Qxc4 Bc6 10. Bg5 Nbd7 11. Nc3 h6 12. Bxf6 {[%emt 0:00:30] E05: Open Catalan: 5 Nf3 Be7.} Nxf6 13. a5 Qd6 14. Rfd1 Rfd8 15. e3 Rab8 16. Qe2 Bf8 17. h4 Qe7 18. Rd2 Ne4 19. Rc2 Nf6 20. Rd2 Ne4 21. Rdd1 Nf6 22. Qc2 Rbc8 23. Rd2 Rb8 24. Rdd1 Rbc8 25. Qb3 $146 ({Predecessor:} 25. Qe2 Bd5 26. Nxd5 exd5 27. Bh3 Rb8 28. Ne5 Qe8 29. h5 Bd6 30. Nd3 Qe7 31. Rdc1 c6 32. Bf5 Kh8 33. Kg2 Re8 34. Rab1 Bb4 35. Ra1 Bd6 36. Rab1 Bb4 37. Ra1 {½-½ Wojtaszek,R (2691)-Matlakov,M (2688) FIDE World Cup 2021 (3.1)}) 25... Qb4 26. Qa2 Bd5 27. Nxd5 exd5 28. Ne5 c6 29. Nd3 Qd6 30. Nc5 Qc7 31. b4 Re8 32. Re1 Bd6 33. Bf3 Re7 34. Kg2 Rce8 35. Re2 Qc8 36. Qc2 g6 37. Rae1 Kg7 38. Kg1 ({White should try} 38. Rh1 $11) 38... Qh3 $15 39. Bg2 Qg4 40. Qd1 g5 41. hxg5 Qxg5 42. Qd3 h5 43. e4 Bxc5 44. bxc5 (44. dxc5 $17 {is a better defense.} dxe4 45. Qe3) 44... dxe4 $19 45. Bxe4 $2 (45. Qc2 $17) 45... Rxe4 $19 (45... h4 $2 46. Bg2 (46. Bf3 $2 Rxe2 47. Bxe2 Nd5 $19) 46... Rxe2 47. Rxe2 Rxe2 48. Qxe2 hxg3 49. Bf3 $19) 46. Rxe4 Qg6 $1 ({Stronger than} 46... Rxe4 47. Rxe4 Nxe4 48. Qxe4 $11) 47. f3 Qxg3+ ({Not} 47... Nxe4 48. fxe4 h4 49. Kf2 $11) 48. Kh1 Rxe4 49. Rxe4 Nxe4 50. Qxe4 h4 51. f4 {[%emt 0:00:30] [#]} h3 $1 52. Qe5+ f6 53. Qe7+ Kg6 54. Qe4+ Kh6 55. d5 cxd5 56. Qxd5 h2 ({Less strong is} 56... Qxf4 57. Qxb7 Qf2 58. Qd5 $17) 57. Qd1 Qg1+ (57... Qxf4 $2 58. c6 $19) 58. Qxg1 hxg1=Q+ 59. Kxg1 {[%emt 0:00:30] [#]} Kh5 $1 0-1

[Event "7th Sharjah Masters 2024"]
[Site "Sharjah"]
[Date "2024.05.22"]
[Round "9.19"]
[White "Gledura, Benjamin"]
[Black "Gholami Orimi, Mahdi"]
[Result "1/2-1/2"]
[ECO "A13"]
[WhiteElo "2619"]
[BlackElo "2470"]
[Annotator "RC"]
[PlyCount "41"]
[EventDate "2024.05.13"]
[EventType "swiss"]
[EventCountry "UAE"]
[SourceTitle "playchess.com"]
[Source "ChessBase"]
[SourceQuality "1"]
[TimeControl "5400+30"]

1. c4 e6 2. g3 d5 3. Bg2 Nf6 4. Nf3 dxc4 5. Qa4+ Bd7 6. Qxc4 c5 7. Ne5 Qc8 8. Qd3 Nc6 9. Nxd7 Nxd7 10. O-O Be7 11. Nc3 O-O 12. b3 Nde5 13. Qc2 Rd8 14. Rd1 Qd7 15. d3 Rac8 16. Qd2 b6 17. Rb1 f5 18. Qe1 Bf6 19. Bb2 Nb4 20. Qf1 Ng4 21. h3 1/2-1/2

[Event "7th Sharjah Masters 2024"]
[Site "Sharjah"]
[Date "2024.05.22"]
[Round "9.20"]
[White "Sivuk, Vitaly"]
[Black "Radjabov, Teimour"]
[Result "1/2-1/2"]
[ECO "B31"]
[WhiteElo "2544"]
[BlackElo "2723"]
[Annotator "TA"]
[PlyCount "27"]
[EventDate "2024.05.13"]
[EventType "swiss"]
[EventCountry "UAE"]
[SourceTitle "playchess.com"]
[Source "ChessBase"]
[SourceQuality "1"]
[TimeControl "5400+30"]

1. e4 c5 2. Nf3 Nc6 3. Bb5 g6 4. O-O Bg7 5. Re1 Nf6 6. c3 O-O 7. d4 cxd4 8. cxd4 d5 9. e5 Ne4 10. Bxc6 bxc6 {[%emt 0:00:30] The position is equal.} 11. Be3 Qb6 12. Qc1 a5 13. Nc3 Nxc3 14. Qxc3 {[%emt 0:00:30] A rather calm draw.   Weighted Error Value: White=0.06 (flawless) /Black=0.00 (flawless) .  OK:         	White=1     	Black=2      Best:        	---       	Black=1} 1/2-1/2

[Event "7th Sharjah Masters 2024"]
[Site "Sharjah"]
[Date "2024.05.22"]
[Round "9.21"]
[White "Fedoseev, Vladimir"]
[Black "Erdogmus, Yagiz Kaan"]
[Result "1/2-1/2"]
[ECO "A20"]
[WhiteElo "2702"]
[BlackElo "2554"]
[Annotator "RC"]
[PlyCount "178"]
[EventDate "2024.05.13"]
[EventType "swiss"]
[EventCountry "UAE"]
[SourceTitle "playchess.com"]
[Source "ChessBase"]
[SourceQuality "1"]
[TimeControl "5400+30"]

1. c4 e5 2. g3 d5 3. cxd5 Qxd5 4. Nf3 Nc6 5. Nc3 Qd6 6. Qc2 Qg6 7. d3 Bd6 8. Bg2 Nge7 9. Bg5 O-O 10. Bxe7 Bxe7 11. O-O Bg4 12. Qa4 Rfd8 13. h3 Bd7 14. Qb5 a6 15. Qb3 Rab8 16. Rac1 Be6 17. Qa4 Qh6 18. h4 Nd4 19. Qa5 Nc6 20. Qxc7 Bc5 21. Ne4 Rdc8 22. Qxc8+ Rxc8 23. Nxc5 Nb4 24. d4 exd4 25. Nxd4 Nxa2 26. Rc2 b6 27. Ne4 Rxc2 28. Nxc2 Qh5 29. Rd1 h6 30. Rd8+ Kh7 31. Nd4 Qe5 32. Rd6 Bc4 33. Nf3 Qe8 34. Nd4 Nc1 35. e3 Ne2+ 36. Nxe2 Bxe2 37. Nc3 Bc4 38. Rxb6 Qe5 39. Rc6 Bd3 40. Bd5 Qf5 41. Rxa6 Qh3 42. Ra1 Qf5 43. Ra4 Qh3 44. Bg2 Qe6 45. Rd4 Bg6 46. Bf3 Qb3 47. h5 Bf5 48. Rd5 g6 49. Rb5 Qc2 50. Kg2 Kg7 51. hxg6 Bxg6 52. Rb4 Qc1 53. Ne2 Qe1 54. Rd4 Qb1 55. b4 Bd3 56. g4 Kf8 57. Ng3 Bg6 58. Bc6 Kg8 59. Rf4 Kg7 60. Bd5 Qd1 61. Bc4 Qd7 62. Kh2 Qc7 63. Be2 Qc2 64. Kg2 Qb2 65. b5 Qe5 66. b6 Qb2 67. Bc4 Qxb6 68. Nf5+ Bxf5 69. Rxf5 f6 70. Be2 Qe6 71. Bf3 Qc4 72. Rf4 Qc5 73. Rd4 Qb5 74. Rd5 Qe8 75. Ra5 Qb8 76. Be4 Qb6 77. Rd5 Qe6 78. Kf3 Qe7 79. Rb5 Qd6 80. Rb7+ Kg8 81. Kg2 Qe6 82. Bf3 Qd6 83. Ra7 Qe6 84. Rc7 Qd6 85. Rc8+ Kg7 86. Be4 h5 87. gxh5 Qd7 88. h6+ Kf7 89. Rc4 Qg4+ 1/2-1/2

[Event "7th Sharjah Masters 2024"]
[Site "Sharjah"]
[Date "2024.05.22"]
[Round "9.22"]
[White "Martirosyan, Haik M."]
[Black "Assaubayeva, Bibisara"]
[Result "1-0"]
[ECO "E73"]
[WhiteElo "2679"]
[BlackElo "2481"]
[Annotator "TA"]
[PlyCount "51"]
[EventDate "2024.05.13"]
[EventType "swiss"]
[EventCountry "UAE"]
[SourceTitle "playchess.com"]
[Source "ChessBase"]
[SourceQuality "1"]
[TimeControl "5400+30"]

1. d4 Nf6 2. c4 g6 3. Nc3 Bg7 4. e4 d6 5. Be2 O-O 6. Be3 c5 7. d5 (7. dxc5 Qa5 8. Bd2 (8. cxd6 Nxe4 9. dxe7 Re8 $16) 8... Qxc5 $11) 7... Qb6 8. Qc2 Ng4 9. Bg5 f5 {[%emt 0:00:30] White has an edge.} 10. f3 Nf6 (10... Ne5 $14 {should be considered.}) 11. exf5 $16 Bxf5 12. Qd2 Qa5 (12... Bc8 $14) 13. g4 Bd7 14. h4 b5 15. h5 (15. cxb5 a6) 15... gxh5 16. gxh5 Na6 (16... Ne8 $16) 17. h6 $18 ({Don't play} 17. Nxb5 $6 Qxd2+ 18. Bxd2 h6 $14) 17... Bh8 18. Nh3 ({Don't take} 18. Nxb5 Qxd2+ 19. Bxd2 (19. Kxd2 Bxb5 20. cxb5 Nc7 $16) 19... Nb4 $16) 18... Rab8 (18... Kf7 {was called for.} 19. Nxb5 (19. cxb5 Nc7 $18) 19... Nb4) 19. cxb5 Nc7 20. a4 a6 (20... Kf7 $142 21. Bd3 Ke8) 21. Rg1 Kf7 {[%emt 0:00:30] [#]} 22. Bxf6 $1 exf6 23. Qd3 Ke8 $2 {[%emt 0:00:30] [#]} (23... f5) 24. Qxh7 $1 {[%emt 0:00:30] White is clearly winning.} f5 {[%emt 0:00:30] [#]} (24... Nxd5 25. Rg8) 25. Rg7 $1 Nxd5 (25... Kd8 26. Rxd7+) 26. Qg6+ {[%emt 0:00:30] Black got outplayed after the opening.   Weighted Error Value: White=0.15 (very precise) /Black=0.43.  Mistake:       	---       	Black=6      Inaccurate:     	White=2     	---        OK:         	White=6     	Black=5      Best:        	White=2     	---        Strong:       	White=1     	---} 1-0

[Event "7th Sharjah Masters 2024"]
[Site "Sharjah"]
[Date "2024.05.22"]
[Round "9.23"]
[White "Sadhwani, Raunak"]
[Black "Sanal, Vahap"]
[Result "1/2-1/2"]
[ECO "E16"]
[WhiteElo "2654"]
[BlackElo "2566"]
[Annotator "TA"]
[PlyCount "74"]
[EventDate "2024.05.13"]
[EventType "swiss"]
[EventCountry "UAE"]
[SourceTitle "playchess.com"]
[Source "ChessBase"]
[SourceQuality "1"]
[TimeControl "5400+30"]

1. d4 Nf6 2. c4 e6 3. Nf3 b6 4. g3 Bb7 5. Bg2 Bb4+ 6. Bd2 Bxd2+ 7. Nbxd2 O-O $1 8. Qc2 c5 9. dxc5 bxc5 10. O-O Nc6 11. Rfd1 Qe7 12. Rac1 Rfd8 13. Ne4 Nb4 14. Nxf6+ Qxf6 15. Qb1 d6 {[%emt 0:09:24] [#]} (15... Rab8 $11) 16. Ng5 Qxg5 (16... Bxg2 $5 17. Qxh7+ (17. Nxh7 $2 {is the wrong capture.} Qh6 $19) 17... Kf8 $11) 17. Bxb7 Rab8 18. Bg2 Rb6 19. Rc3 Qf6 20. Ra3 Rd7 21. Rd2 g6 22. Qd1 Qd8 23. Ra5 {[%emt 0:04:18][%cal Oa5c5] Black is weak on the light squares} Qc7 24. Qa4 Re7 25. h4 h5 26. e3 Kg7 27. b3 Kg8 28. Kf1 e5 29. a3 Nc6 30. Bxc6 Qxc6 31. Qxc6 ({Don't play} 31. Rxa7 Rxa7 32. Qxa7 Rxb3 $17 (32... Qh1+ 33. Ke2 $17)) 31... Rxc6 $14 {[%emt 0:00:04][%mdl 4096] Endgame. KRR-KRR} 32. Rb5 Kf8 {[%emt 0:01:08] The position is equal.} 33. Ke2 a6 34. Rb8+ Re8 35. Rb7 Re7 36. Rb8+ Re8 37. Rb7 Re7 {[%emt 0:00:07] Weighted Error Value: White=0.08 (flawless) /Black=0.10 (very precise) .  Mistake:       	White=1     	Black=1      Inaccurate:     	White=1     	---        OK:         	White=10    	Black=11     Best:        	White=1     	Black=2} 1/2-1/2

[Event "7th Sharjah Masters 2024"]
[Site "Sharjah"]
[Date "2024.05.22"]
[Round "9.24"]
[White "Adhiban, B.."]
[Black "Yuffa, Daniil"]
[Result "1/2-1/2"]
[ECO "B88"]
[WhiteElo "2523"]
[BlackElo "2617"]
[Annotator "TA"]
[PlyCount "120"]
[EventDate "2024.05.13"]
[EventType "swiss"]
[EventCountry "UAE"]
[SourceTitle "playchess.com"]
[Source "ChessBase"]
[SourceQuality "1"]
[TimeControl "5400+30"]

1. e4 c5 2. Nf3 d6 3. d4 cxd4 4. Nxd4 Nf6 5. Nc3 a6 6. Bc4 e6 7. Be3 Nc6 8. a4 Bd7 9. O-O Be7 10. Qe2 O-O 11. Nxc6 Bxc6 12. a5 Qe8 (12... Bxe4 $2 13. Nxe4 (13. Bb6 Qc8 $18) 13... Nxe4 14. Bb6 $18) 13. f3 d5 14. exd5 exd5 15. Bb3 Bb4 16. Qf2 Qe7 17. Bd4 Rfe8 18. Qh4 Bc5 19. Qf2 Bxd4 20. Qxd4 Qc7 21. Qb6 Qxb6+ 22. axb6 d4 23. Na4 Rad8 24. Rfd1 Re5 25. Bc4 Ra5 26. b3 Rd6 27. c3 Bxa4 28. Rxd4 Rxd4 (28... Rxb6 $2 29. Rd8+ (29. Rxa4 Re5 $14) (29. bxa4 Kf8 $14) 29... Ne8 30. Re1 $18 (30. Rxa4 Re5 $16)) 29. cxd4 {[%emt 0:00:02] [#]} Nd7 30. bxa4 $16 Nxb6 {[%emt 0:00:27][%mdl 4096] Endgame. KRB-KRN} 31. Bb3 Kf8 {[%emt 0:01:42] [#]} 32. Rc1 $1 Nxa4 33. Rc7 f5 34. Rf7+ (34. Rxb7 Rb5 35. Rf7+ Ke8 $16) 34... Ke8 35. Rxb7 {[%emt 0:00:05] White is much more active.} g5 36. Bxa4+ ({White should play} 36. Rxh7 $16 {Threatens to win with Rh5.} Nc3 37. h4 gxh4 38. Rh8+ (38. Rxh4 f4 $16) 38... Ke7 39. Rxh4) 36... Rxa4 $11 37. Rxh7 Rxd4 $16 {[%emt 0:00:54] KR-KR} 38. Rh5 Rd1+ 39. Kf2 Rd2+ 40. Kg3 Rd5 {[%emt 0:00:56] The position is equal.} ({Wrong is} 40... f4+ $2 41. Kh3 $16) 41. h4 (41. Rxg5 f4+ 42. Kxf4 Rxg5 43. Kxg5 a5 $19) 41... gxh4+ 42. Kxh4 a5 43. Rh7 Rd7 44. Rh8+ Ke7 45. Ra8 Rd5 46. Kg5 Kd7 47. Kf4 Kc6 48. g4 {[%emt 0:00:08] Strongly threatening g5.} fxg4 49. fxg4 Kb5 50. g5 Rd1 51. g6 {[%emt 0:00:05] White wants to mate with g7.} Rg1 52. Kf5 a4 53. Kf6 Kb4 54. g7 a3 55. g8=Q Rxg8 56. Rxg8 a2 57. Ra8 Kb3 58. Ke5 Kb2 59. Ke4 a1=Q 60. Rxa1 Kxa1 {[%emt 0:00:01] Weighted Error Value: White=0.06 (flawless) /Black=0.07 (flawless) .  Mistake:       	White=1     	Black=1      Inaccurate:     	White=1     	Black=2      OK:         	White=15    	Black=25     Best:        	White=1     	Black=6      Strong:       	White=1     	---} 1/2-1/2

[Event "7th Sharjah Masters 2024"]
[Site "Sharjah"]
[Date "2024.05.22"]
[Round "9.25"]
[White "Nesterov, Arseniy"]
[Black "Kuybokarov, Temur"]
[Result "1-0"]
[ECO "D12"]
[WhiteElo "2590"]
[BlackElo "2602"]
[Annotator "TA"]
[PlyCount "69"]
[EventDate "2024.05.13"]
[EventType "swiss"]
[EventCountry "UAE"]
[SourceTitle "playchess.com"]
[Source "ChessBase"]
[SourceQuality "1"]
[TimeControl "5400+30"]

1. Nf3 Nf6 2. c4 c6 3. Nc3 d5 4. e3 Bf5 5. d4 e6 6. Nh4 Bg6 7. Be2 Nbd7 8. O-O Bd6 9. g3 {[%emt 0:00:21] White is slightly better.} Qe7 10. Bd2 Ne4 11. a3 (11. Nxe4 $14 Bxe4 12. f3) 11... Nxd2 $11 12. Qxd2 dxc4 13. Bxc4 Nb6 14. Be2 Nd5 15. Bf3 Nxc3 16. Qxc3 {[%emt 0:13:28][%cal Of3c6] And now Bxc6+! would win.} O-O 17. Nxg6 hxg6 18. Kg2 e5 19. h4 exd4 20. exd4 Qf6 21. Rfe1 Rfe8 22. Rad1 Rad8 23. Qc4 Re7 24. Rxe7 Qxe7 25. Rd3 Re8 26. Qa4 Ra8 27. Re3 Qf6 28. Bd1 Qf5 {[%emt 0:08:13] [#]} 29. Rf3 $1 Qb5 30. Qxb5 cxb5 31. Bb3 Rf8 32. g4 Kh7 (32... a5 $16) 33. Bxf7 $18 {[%emt 0:02:29] White is clearly better.} Rc8 (33... a5 $16 {is a better defense.} 34. g5 b6) 34. g5 Rc7 35. Bd5 {[%emt 0:02:54] Weighted Error Value: White=0.11 (very precise) /Black=0.18 (very precise) .  Mistake:       	White=1     	Black=2      Inaccurate:     	---       	Black=4      OK:         	White=6     	Black=7      Best:        	White=2     	---        Strong:       	White=1     	---} 1-0

[Event "7th Sharjah Masters 2024"]
[Site "Sharjah"]
[Date "2024.05.22"]
[Round "9.26"]
[White "Sjugirov, Sanan"]
[Black "Mchedlishvili, Mikheil"]
[Result "1/2-1/2"]
[ECO "E48"]
[WhiteElo "2692"]
[BlackElo "2569"]
[Annotator "TA"]
[PlyCount "135"]
[EventDate "2024.05.13"]
[EventType "swiss"]
[EventCountry "UAE"]
[SourceTitle "playchess.com"]
[Source "ChessBase"]
[SourceQuality "1"]
[TimeControl "5400+30"]

1. d4 Nf6 2. c4 e6 3. Nc3 Bb4 4. e3 c5 5. Bd3 Nc6 6. Nge2 cxd4 7. exd4 d5 8. cxd5 Nxd5 9. O-O O-O 10. a3 Bd6 11. Re1 Qh4 12. g3 Qh5 13. Nxd5 exd5 14. Bf4 Be7 15. Qb3 Bh3 16. Be3 Bd6 17. Nc3 Rfd8 18. Be2 Bg4 19. Bxg4 Qxg4 20. Qxb7 Ne7 21. Qa6 Nf5 22. Qe2 Qg6 23. Rad1 Rab8 24. Bc1 h5 25. Rd3 Re8 26. Qd1 h4 27. Rxe8+ Rxe8 28. g4 Ne7 29. h3 f5 30. Re3 Rf8 (30... Bf4 $2 31. Rxe7 Rxe7 32. Bxf4 $18) 31. Qe2 (31. Rf3 {simplifies} Rf7 32. Qd3 fxg4 33. Qxg6 Nxg6 34. Rxf7 Kxf7 35. hxg4 Nf4 36. Bxf4 Bxf4 37. Ne2) 31... Rf6 $1 32. f3 (32. Rd3 $5) 32... fxg4 33. fxg4 Qf7 $1 34. Nb5 Bh2+ $1 35. Kg2 $1 (35. Qxh2 $2 Rf1+ 36. Kg2 Qf2#) 35... Ng6 (35... Bg3 $11 36. Rf3 Ng6) 36. Re8+ $16 Kh7 37. g5 $1 (37. Kxh2 $2 Rf2+ 38. Kg1 Rxe2 39. Rxe2 Qf3 $19) 37... Rf2+ 38. Qxf2 Qxe8 39. Nc3 $1 (39. Nxa7 Bb8 40. Qf3 Bxa7 $19) 39... Bb8 40. Qf3 (40. Nxd5 $2 Qe4+ 41. Kg1 Qxd5 $19) 40... Qc6 ({But not} 40... Qe1 $2 41. Qh5+ Kg8 42. Qxg6 $18) 41. Be3 a5 42. Qxd5 ({Weaker is} 42. Nxd5 Qc2+ 43. Bf2 Bg3 $11) (42. a4 $18) 42... Qb6 $16 {[%emt 0:00:51] [#]} 43. Nd1 $1 Bf4 {[%emt 0:00:38] [#]} 44. Qf3 (44. Kf2 $1 $16) 44... Bxe3 $14 45. Qxe3 Qc6+ (45... Qb5 $1 $14) 46. Kg1 ({White should play} 46. Kf2 $16) 46... Qc2 $11 47. Nf2 Qxb2 48. Kg2 Qb5 49. Kh2 Qf5 50. Nd3 Qd5 51. Ne1 Qa2+ 52. Kg1 Qb1 53. Kh2 Qa2+ 54. Kg1 Qb1 55. Qd2 Qb3 56. Qd3 Qe6 57. Ng2 Kh8 58. Qf3 Qd6 59. Qe4 a4 (59... Kh7 $11) 60. d5 ({Reject} 60. Nxh4 Nxh4 61. Qxh4+ Kg8 $11) (60. Qe8+ $16 Kh7 61. Qxa4) 60... Kh7 61. Nxh4 Qg3+ 62. Ng2 Qxa3 63. h4 Qa1+ 64. Ne1 Qe5 65. Qxe5 Nxe5 66. Kf2 Kg6 67. Nc2 Nc4 68. Ke2 1/2-1/2

[Event "7th Sharjah Masters 2024"]
[Site "Sharjah"]
[Date "2024.05.22"]
[Round "9.27"]
[White "Horvath, Dominik"]
[Black "Yilmaz, Mustafa"]
[Result "1/2-1/2"]
[ECO "C47"]
[WhiteElo "2554"]
[BlackElo "2641"]
[Annotator "TA"]
[PlyCount "58"]
[EventDate "2024.05.13"]
[EventType "swiss"]
[EventCountry "UAE"]
[SourceTitle "playchess.com"]
[Source "ChessBase"]
[SourceQuality "1"]
[TimeControl "5400+30"]

1. e4 e5 2. Nf3 Nc6 3. Nc3 Nf6 4. d4 exd4 5. Nxd4 Bb4 6. Nxc6 bxc6 7. Bd3 d5 8. Bd2 O-O 9. O-O {[%emt 0:00:00] The position is equal.} Rb8 10. Re1 Re8 11. h3 dxe4 12. Bxe4 Bxh3 {[%emt 0:39:01] [#] Strongly threatening ...Bg4.} 13. Bxc6 Bd7 14. Rxe8+ Qxe8 15. Bxd7 Qxd7 16. Be3 Bxc3 17. Qxd7 Nxd7 18. bxc3 $11 {[%emt 0:00:07][%mdl 4096] Endgame. KRB-KRN} Nb6 19. Rb1 f6 20. Rb3 Kf7 21. c4 Ke6 22. c5 Nd7 23. Ra3 Ra8 24. Bf4 Ne5 25. Bxe5 fxe5 26. Rg3 Rg8 27. Ra3 Ra8 28. Rg3 Rg8 29. Ra3 Ra8 {[%emt 0:04:08] A rather calm draw.   Weighted Error Value: White=0.02 (flawless) /Black=0.03 (flawless) .  OK:         	White=13    	Black=7} 1/2-1/2